[Event "ICCopen2016"]
[Site "Internet Chess Club"]
[Date "2016.06.04"]
[Round "11"]
[White "milinanana"]
[Black "PomaG12"]
[Result "1-0"]
[ICCResult "Black checkmated"]
[WhiteElo "1824"]
[BlackElo "1488"]
[Opening "Catalan: closed"]
[ECO "E01"]
[NIC "CA.01"]
[Time "15:53:48"]
[TimeControl "180+0"]

1. d4 Nf6 2. c4 e6 3. g3 d5 4. Bg2 Bb4+ 5. Bd2 Bxd2+ 6. Qxd2 O-O 7. Nc3 Nc6
8. Nf3 Ne7 9. O-O Ng6 10. Rfd1 c6 11. Qc2 b6 12. Ne5 Bb7 13. e4 Nxe5 14.
dxe5 Ng4 15. exd5 cxd5 16. cxd5 exd5 17. Bxd5 Qe7 18. Bxb7 Qxb7 19. Qf5 Nh6
20. Qf4 Rad8 21. h3 Rd7 22. Rd6 Rxd6 23. exd6 Qd7 24. Rd1 Rd8 25. Kg2 Qc6+
26. Qf3 Qd7 27. g4 f6 28. Qd5+ Nf7 29. Ne4 Kf8 30. f4 a6 31. Rd2 b5 32. b3
Rc8 33. b4 Rc1 34. Nc5 Ra1 35. Nxd7+ Ke8 36. Nxf6+ Kd8 37. d7 gxf6 38. Qa8+
Ke7 39. Qe8# {Black checkmated} 1-0

[Event "ICCopen2016"]
[Site "Internet Chess Club"]
[Date "2016.06.04"]
[Round "11"]
[White "chessasuke91"]
[Black "AttackSparrow"]
[Result "0-1"]
[ICCResult "White resigns"]
[WhiteElo "2697"]
[BlackElo "2370"]
[Opening "Sicilian: Taimanov variation"]
[ECO "B48"]
[NIC "SI.40"]
[Time "15:54:20"]
[TimeControl "180+0"]

1. e4 c5 2. Nf3 e6 3. d4 cxd4 4. Nxd4 Nc6 5. Nc3 Qc7 6. Be3 a6 7. Qd2 Nf6 8.
O-O-O Be7 9. f3 b5 10. Kb1 Ne5 11. a3 O-O 12. g4 b4 13. axb4 Bxb4 14. Be2
Rb8 15. Nb3 a5 16. g5 Nh5 17. f4 Nc4 18. Bxc4 Qxc4 19. Qd3 Qc7 20. Nb5 Qb7
21. c4 d5 22. exd5 exd5 23. Qxd5 Qxd5 24. Rxd5 Bb7 25. Rhd1 Bxd5 26. Rxd5
Rfd8 27. N3d4 Rxd5 28. cxd5 Bc5 29. Bd2 Bxd4 30. Nxd4 Rd8 31. Bxa5 Rxd5 32.
Nc6 Rc5 33. Ne7+ Kh8 34. Bb4 Rc4 35. Nd5 Rd4 {White resigns} 0-1

[Event "ICCopen2016"]
[Site "Internet Chess Club"]
[Date "2016.06.04"]
[Round "11"]
[White "Visam"]
[Black "Eraser007"]
[Result "1-0"]
[ICCResult "Black checkmated"]
[WhiteElo "2722"]
[BlackElo "2202"]
[Opening "Queen's pawn: Torre attack"]
[ECO "E12"]
[NIC "QP.04"]
[Time "15:55:14"]
[TimeControl "180+0"]

1. d4 Nf6 2. Bg5 e6 3. Nf3 b6 4. c4 Bb7 5. Nc3 Be7 6. Qc2 d6 7. e4 Nbd7 8.
Be2 O-O 9. O-O c5 10. d5 e5 11. Be3 Re8 12. g3 Ng4 13. Bd2 g6 14. Ne1 h5 15.
Nd3 Bf8 16. f3 Nh6 17. f4 exf4 18. gxf4 Bg7 19. Bf3 Bc8 20. Rae1 a6 21. a4
Nf6 22. e5 Nfg4 23. exd6 Rxe1 24. Rxe1 Qh4 25. Re8+ Kh7 26. Be1 Bd4+ 27. Kh1
Qf6 28. Ne4 Qg7 29. Ng5# {Black checkmated} 1-0

[Event "ICCopen2016"]
[Site "Internet Chess Club"]
[Date "2016.06.04"]
[Round "11"]
[White "catman"]
[Black "santiagoelawad"]
[Result "1/2-1/2"]
[ICCResult "Game drawn by repetition"]
[WhiteElo "1850"]
[BlackElo "1959"]
[Opening "QGD Slav: 4.e3"]
[ECO "D11"]
[NIC "QP.06"]
[Time "15:53:58"]
[TimeControl "180+0"]

1. d4 Nf6 2. Nf3 d5 3. c4 c6 4. e3 a6 5. Nc3 Bf5 6. Qb3 Ra7 7. a4 e6 8. a5
Nbd7 9. Be2 h6 10. O-O Bd6 11. h3 Bc7 12. Bd2 Bxa5 13. Nxd5 Bxd2 14. Nxf6+
Nxf6 15. Nxd2 O-O 16. Bf3 Qe7 17. e4 Bg6 18. e5 Nd7 19. Be4 Bxe4 20. Nxe4 c5
21. Nxc5 Nxc5 22. Qb6 Raa8 23. Qxc5 Qxc5 24. dxc5 Rac8 25. b4 Rfd8 26. Rfd1
Kf8 27. Kf1 Ke7 28. Rd6 f6 29. f4 fxe5 30. fxe5 Rf8+ 31. Kg1 Rf5 32. Rad1
Rc7 33. Re1 Rf4 34. b5 Rxc4 35. bxa6 bxa6 36. Rxa6 R4xc5 37. Kf2 Rc2+ 38.
Kf3 R7c3+ 39. Re3 Rc7 40. g4 g5 41. Rd3 R2c3 42. Rd6 Rxd3+ 43. Rxd3 Rc5 44.
Ke4 Rc4+ 45. Rd4 Rc3 46. Rd3 Rxd3 47. Kxd3 Kd7 48. Kd4 Kc6 49. Kc4 Kb6 50.
Kb4 Kc6 51. Kc4 Kb6 52. Kb4 Kc6 53. Kc4 Kb6 54. Kb4 Kc6 55. Kc4 Kb6
{Game drawn by repetition}
1/2-1/2

[Event "ICCopen2016"]
[Site "Internet Chess Club"]
[Date "2016.06.04"]
[Round "11"]
[White "VrloJakMK"]
[Black "mdrasko"]
[Result "0-1"]
[ICCResult "White resigns"]
[WhiteElo "2208"]
[BlackElo "2436"]
[Opening "Nimzo-Indian: classical, 4...c5"]
[ECO "E38"]
[NIC "NI.22"]
[Time "15:54:00"]
[TimeControl "180+0"]

1. d4 e6 2. c4 Nf6 3. Nc3 Bb4 4. Qc2 c5 5. dxc5 Na6 6. a3 Qa5 7. Nf3 Nxc5 8.
Bd2 Bxc3 9. Bxc3 Qa4 10. Qxa4 Nxa4 11. Bxf6 gxf6 12. O-O-O Ke7 13. e4 b6 14.
e5 fxe5 15. Nxe5 f6 16. Nd3 Bb7 17. b3 Nc5 18. Nxc5 bxc5 19. Rg1 Rab8 20.
Kc2 a5 21. Kc3 Bc6 22. g3 Rb6 23. Bg2 Rhb8 24. Rb1 Ba4 25. Be4 Rxb3+ 26.
Rxb3 Rxb3+ 27. Kd2 f5 28. Bd3 Rxa3 29. Rb1 Bc6 30. h4 Be4 31. Bxe4 fxe4 32.
Rb8 a4 33. Rh8 Rf3 34. Rxh7+ Kd6 35. Ke2 a3 36. Rh8 Ke5 37. Ra8 Kd4 38. h5
Kxc4 39. Ra4+ Kd5 40. h6 Rf6 41. Ra7 Kd6 42. Ke3 Rxh6 43. Kxe4 Rh2 44. Kf3
c4 45. Rxa3 Kc5 46. Ra7 d5 47. g4 c3 48. g5 Rh1 49. Kg2 Rh8 50. f4 Kd4 51.
Kf3 Kd3 52. Ra3 d4 53. f5 exf5 54. Kf4 Kd2 55. Kxf5 c2 {White resigns} 0-1

[Event "ICCopen2016"]
[Site "Internet Chess Club"]
[Date "2016.06.04"]
[Round "11"]
[White "NAS"]
[Black "Yedixon"]
[Result "1-0"]
[ICCResult "Black resigns"]
[WhiteElo "1662"]
[BlackElo "1296"]
[Opening "Petrov: classical attack"]
[ECO "C42"]
[NIC "RG.04"]
[Time "15:54:18"]
[TimeControl "180+0"]

1. e4 e5 2. Nf3 Nf6 3. Nxe5 d6 4. Nf3 Nxe4 5. d4 d5 6. Nc3 Nxc3 7. bxc3 Bd6
8. Bd3 Qe7+ 9. Be3 O-O 10. O-O Bg4 11. h3 Bxf3 12. Qxf3 Qh4 13. Qxd5 Nd7 14.
Qf5 Nf6 15. Bg5 Qh5 16. Bxf6 Qxf5 17. Bxf5 gxf6 18. Rab1 b6 19. Be4 Rae8 20.
Bc6 Re2 21. Ba4 c5 22. Rfe1 Rd2 23. Rbd1 Rxd1 24. Rxd1 cxd4 25. cxd4 Rc8 26.
Re1 Bb4 27. Re8+ Rxe8 28. Bxe8 Kf8 29. Bb5 Ke7 30. Kf1 Kd6 31. Bc4 Bc3 32.
d5 Kc5 33. Bb3 Be5 34. Ke2 a5 35. a4 b5 36. Kd3 bxa4 37. Bxa4 Kxd5 38. Bb3+
Kc5 39. Bxf7 h6 40. g3 Kb4 41. f4 Bc3 42. Ke4 a4 43. Kf5 Ka3 44. Kg6 Kb2 45.
Kxh6 a3 46. Kg6 a2 47. Bxa2 Kxa2 48. Kf5 Kb2 49. h4 Bb4 50. h5 Bf8 51. Kxf6
Kxc2 52. g4 Kd3 53. g5 Ke4 54. f5 Kf4 55. h6 {Black resigns} 1-0

[Event "ICCopen2016"]
[Site "Internet Chess Club"]
[Date "2016.06.04"]
[Round "11"]
[White "Blockader"]
[Black "waynerooney"]
[Result "0-1"]
[ICCResult "White checkmated"]
[WhiteElo "1752"]
[BlackElo "1967"]
[Opening "Grünfeld defense"]
[ECO "D80"]
[NIC "GI.03"]
[Time "15:53:55"]
[TimeControl "180+0"]

1. d4 Nf6 2. c4 g6 3. Nc3 d5 4. e4 dxe4 5. Nge2 Bg7 6. Be3 O-O 7. Ng3 c5 8.
d5 a6 9. Bxc5 b6 10. Bd4 b5 11. b3 Bb7 12. Be2 Nbd7 13. Ngxe4 Nxe4 14. Nxe4
Qa5+ 15. Kf1 Bxd4 16. Qxd4 Rad8 17. g3 e6 18. Bf3 exd5 19. cxd5 f5 20. Nd6
Ba8 21. Kg2 Qc7 22. Nxf5 Rxf5 23. Rad1 Nf6 24. Rhe1 Rxf3 25. Kxf3 Rxd5 26.
Ke3 Qe7+ 27. Kd3 Qd7 28. Re4 Nxe4 29. Kxe4 Rxd4+ 30. Ke3 Rxd1 31. Kf4 Qf5+
32. Ke3 Rd3+ 33. Ke2 Qf3+ 34. Ke1 Rd1# {White checkmated} 0-1

[Event "ICCopen2016"]
[Site "Internet Chess Club"]
[Date "2016.06.04"]
[Round "11"]
[White "manta2"]
[Black "Optikk"]
[Result "1-0"]
[ICCResult "Black checkmated"]
[WhiteElo "1169"]
[BlackElo "1510"]
[Opening "Budapest: Adler variation"]
[ECO "A52"]
[NIC "QG.01"]
[Time "15:54:22"]
[TimeControl "180+0"]

1. d4 Nf6 2. c4 e5 3. dxe5 Ng4 4. Nf3 Bc5 5. e3 Nc6 6. Nc3 Ncxe5 7. Qd5 Qe7
8. Nxe5 Nxe5 9. Nb5 d6 10. Bd2 c6 11. Qe4 cxb5 12. cxb5 O-O 13. O-O-O Be6
14. b4 Bb6 15. Kb2 Rac8 16. Bd3 Nc4+ 17. Ka1 Nxd2 18. Qxh7# {Black
checkmated} 1-0

[Event "ICCopen2016"]
[Site "Internet Chess Club"]
[Date "2016.06.04"]
[Round "11"]
[White "TURNER"]
[Black "pulpocybort"]
[Result "0-1"]
[ICCResult "White resigns"]
[WhiteElo "1800"]
[BlackElo "1693"]
[Opening "Sicilian: closed"]
[ECO "B23"]
[NIC "SI.44"]
[Time "15:54:16"]
[TimeControl "180+0"]

1. e4 c5 2. Nc3 g6 3. f4 Bg7 4. Nf3 d6 5. Bb5+ Bd7 6. Bxd7+ Qxd7 7. d3 Nc6
8. O-O Nf6 9. Qe1 Nd4 10. Qf2 O-O 11. h3 Nxf3+ 12. Qxf3 Ne8 13. Bd2 Nc7 14.
Rae1 Ne6 15. Qg3 Nd4 16. Rc1 b5 17. Qh4 b4 18. Nd5 e6 19. Ne3 f5 20. exf5
exf5 21. Nd5 Ne2+ 22. Kh2 Nxc1 23. Bxc1 Rae8 24. c4 Qf7 25. Be3 Re6 26. a3
Rfe8 27. Bg1 Re2 28. axb4 cxb4 29. b3 Rb2 30. d4 Ree2 31. Rf2 Rxf2 32. Bxf2
h6 33. Qd8+ Kh7 34. Bg3 Rxb3 35. Qxd6 Bxd4 36. Nxb4 Bb6 37. Nd5 Rb1 38. Nf6+
Qxf6 39. Qxf6 Bg1+ 40. Kh1 Bd4+ 41. Kh2 Bxf6 {White resigns} 0-1

[Event "ICCopen2016"]
[Site "Internet Chess Club"]
[Date "2016.06.04"]
[Round "11"]
[White "B-Amin"]
[Black "BlackHorse96"]
[Result "0-1"]
[ICCResult "White forfeits on time"]
[WhiteElo "2937"]
[BlackElo "3157"]
[Opening "Alekhine's defense: Balogh variation"]
[ECO "B03"]
[NIC "AL.09"]
[Time "15:54:19"]
[TimeControl "180+0"]

1. e4 Nf6 2. e5 Nd5 3. d4 d6 4. Bc4 Nb6 5. Bb3 g6 6. e6 Bxe6 7. Bxe6 fxe6 8.
Nf3 Bg7 9. O-O O-O 10. Qe2 Qd7 11. Re1 Nc6 12. Be3 e5 13. dxe5 Nxe5 14. Nxe5
Bxe5 15. Nc3 Bxc3 16. bxc3 e5 17. Rad1 Qe6 18. h4 Rf5 19. Qg4 Qxa2 20. Bxb6
axb6 21. Ra1 Qxa1 22. Rxa1 Rxa1+ 23. Kh2 Ra8 24. Qc4+ Rf7 25. Qd5 Ra5 26.
Qxb7 Rc5 27. f3 Rxc3 28. Qe4 Kg7 29. Kg3 h5 30. Qe2 b5 31. Qxb5 Rxc2 32. Qd5
Rc5 33. Qe6 Rb5 34. Qe8 Rb4 35. Qe6 Rd4 36. Kf2 Rd2+ 37. Kg3 c5 38. Kh3 Rd4
39. Kg3 c4 40. Qc8 Rdf4 41. Qc6 Rd4 42. Kf2 Rd2+ 43. Kg3 Rd4 44. Kf2 Rxh4
45. Qxd6 Rhf4 46. Qxe5+ R4f6 47. Qc5 Rf4 48. Qe5+ Kh7 49. Qc5 Rb7 50. Kg3
Rff7 51. Qxc4 Rbc7 52. Qe4 Rcd7 53. Qe5 Rde7 54. Qg5 Re2 55. f4 Re3+ 56. Kh2
Rf5 57. Qh4 Re4 58. g3 Re2+ 59. Kh3 Re3 {White forfeits on time} 0-1

[Event "ICCopen2016"]
[Site "Internet Chess Club"]
[Date "2016.06.04"]
[Round "11"]
[White "jjn"]
[Black "Dodgy"]
[Result "0-1"]
[ICCResult "White forfeits on time"]
[WhiteElo "1820"]
[BlackElo "2046"]
[Opening "Vienna gambit"]
[ECO "C25"]
[NIC "VG.04"]
[Time "15:54:27"]
[TimeControl "180+0"]

1. e4 e5 2. Nc3 Nc6 3. f4 g5 4. fxe5 d6 5. exd6 Bxd6 6. Bb5 g4 7. d4 Qh4+ 8.
Kf1 Bd7 9. Be3 O-O-O 10. Nge2 Nh6 11. e5 Bb4 12. Qd2 Nf5 13. Bg5 Qh5 14.
Bxd8 Rxd8 15. a3 Ba5 16. Qf4 Bb6 17. Bxc6 Bxc6 18. Rd1 Nh4 19. d5 Nxg2
{White forfeits on time}
0-1

[Event "ICCopen2016"]
[Site "Internet Chess Club"]
[Date "2016.06.04"]
[Round "11"]
[White "airantrobo"]
[Black "Chapo2"]
[Result "1/2-1/2"]
[ICCResult "Game drawn by repetition"]
[WhiteElo "1634"]
[BlackElo "1960"]
[Opening "Dutch: Staunton gambit deferred"]
[ECO "A40"]
[NIC "QO.17"]
[Time "15:55:07"]
[TimeControl "180+0"]

1. d4 e6 2. c4 f5 3. e4 Nf6 4. e5 Ng8 5. Nc3 Ne7 6. Nf3 g6 7. Bg5 Bg7 8. h4
O-O 9. h5 Qe8 10. hxg6 hxg6 11. Bd3 Kf7 12. Qd2 Rh8 13. O-O-O Nbc6 14. Rxh8
Qxh8 15. Bf6 Bxf6 16. exf6 Kxf6 17. Qg5+ Kf7 18. d5 Ne5 19. Nxe5+ Qxe5 20.
Rh1 Qg7 21. Ne2 e5 22. d6 cxd6 23. Nc3 b6 24. Nd5 Bb7 25. Nxe7 e4 26. Be2
Re8 27. Nd5 Bxd5 28. cxd5 Rc8+ 29. Kb1 Rc5 30. Rh6 Rxd5 31. Bc4 Ke6 32.
Bxd5+ Kxd5 33. Rxg6 Qd4 34. Qxf5+ Kc6 35. a3 Qd3+ 36. Ka2 Qc4+ 37. Ka1 Qf1+
38. Ka2 Qc4+ 39. Ka1 Qf1+ 40. Ka2 Qc4+ {Game drawn by repetition} 1/2-1/2

[Event "ICCopen2016"]
[Site "Internet Chess Club"]
[Date "2016.06.04"]
[Round "11"]
[White "paulohaddad"]
[Black "Ajolote"]
[Result "0-1"]
[ICCResult "White forfeits on time"]
[WhiteElo "1656"]
[BlackElo "1546"]
[Opening "Queen's pawn: Torre attack"]
[ECO "A46"]
[NIC "QP.04"]
[Time "15:53:36"]
[TimeControl "180+0"]

1. d4 Nf6 2. Nf3 e6 3. Bg5 Be7 4. Nbd2 b5 5. e4 a6 6. Bd3 Bb7 7. O-O d5 8.
e5 Nfd7 9. Be3 O-O 10. c3 Nc6 11. Qc2 g6 12. Bh6 Re8 13. Rfe1 Na5 14. Nf1 c5
15. Ng3 c4 16. Bf1 Bf8 17. Bg5 Be7 18. Be3 Kg7 19. Qd2 Nc6 20. Bh6+ Kg8 21.
Ng5 Bf8 22. Bxf8 Nxf8 23. f4 h6 24. Nf3 Nh7 25. Qc2 Qe7 26. Re3 a5 27. b3 b4
28. bxc4 dxc4 29. cxb4 Nxb4 30. Qxc4 Bd5 31. Qc5 Qxc5 32. dxc5 Nc2 33. Ree1
Nxa1 34. Rxa1 Bxf3 35. gxf3 Rec8 36. Rc1 Nf8 37. Bb5 Rab8 38. a4 Rc7 39. Ne4
Kg7 40. Nd6 Nd7 41. c6 Nb6 42. Kf2 Rd8 43. Ke3 Nc8 44. Ke4 Nxd6+ 45. exd6
Rxd6 46. Ke5 Rd8 47. Rc5 h5 48. Rc4 Rd3 49. Rd4 Re3+ 50. Kd6 Rc8 51. Kd7 Ra8
52. c7 Rxf3 53. c8=Q Rxc8 54. Kxc8 h4 55. Kd7 h3 56. Rd3 Rxf4 57. Rxh3 Rd4+
58. Kc6 Rg4 59. Rf3 f5 60. Kb6 Kf6 61. Kxa5 Rh4 62. Kb6 Rxh2 63. a5 Rh8 64.
a6 Rb8+ 65. Kc6 g5 66. a7 Ra8 67. Kb7 Rxa7+ 68. Kxa7 g4 69. Rf1 Kg5 70. Bd7
e5 {White forfeits on time} 0-1

[Event "ICCopen2016"]
[Site "Internet Chess Club"]
[Date "2016.06.04"]
[Round "11"]
[White "PITCHUS"]
[Black "gonesailing"]
[Result "0-1"]
[ICCResult "White checkmated"]
[WhiteElo "1843"]
[BlackElo "1707"]
[Opening "Réti opening"]
[ECO "A05"]
[NIC "QP.11"]
[Time "15:54:56"]
[TimeControl "180+0"]

1. Nf3 Nf6 2. g3 d5 3. Bg2 c6 4. O-O e6 5. c4 Nbd7 6. a4 b6 7. cxd5 cxd5 8.
d4 Bb7 9. Nc3 Be7 10. Bd2 O-O 11. Nb5 a6 12. Nc3 Re8 13. Qb3 Nf8 14. e3 Ng6
15. Rfc1 Qd7 16. Ne5 Nxe5 17. dxe5 Ng4 18. Qxb6 Nxe5 19. Qd4 Bf6 20. Qb6
Reb8 21. Ne2 Bc6 22. Qa5 Rxb2 23. Qc3 Nc4 24. Qd3 Rxd2 25. Qb3 Rxe2 26. e4
Bxa1 27. Rxa1 Qa7 28. Rf1 Rb8 29. Qd3 Rd2 30. Qc3 Qd4 31. Qc1 Rbb2 32. exd5
Bxd5 33. Qe1 Bxg2 34. Kxg2 Ne3+ 35. Kh3 Nxf1 36. Qxf1 Rxf2 37. Qxa6 Rxh2#
{White checkmated}
0-1

[Event "ICCopen2016"]
[Site "Internet Chess Club"]
[Date "2016.06.04"]
[Round "11"]
[White "manneredmonkey"]
[Black "florish"]
[Result "1-0"]
[ICCResult "Black forfeits on time"]
[WhiteElo "1712"]
[BlackElo "1925"]
[Opening "English: Neo-Catalan"]
[ECO "A14"]
[NIC "RE.11"]
[Time "15:54:43"]
[TimeControl "180+0"]

1. Nf3 d5 2. c4 e6 3. g3 Nf6 4. Bg2 Be7 5. b3 c5 6. cxd5 Nxd5 7. Bb2 Bf6 8.
Nc3 Nxc3 9. dxc3 Qa5 10. Qc2 O-O 11. O-O Nc6 12. Rfd1 e5 13. e3 Bg4 14. h3
Bh5 15. g4 Bg6 16. e4 Rac8 17. Rd5 Qb6 18. Rad1 c4 19. b4 h6 20. a4 Rfd8 21.
a5 Qc7 22. Bc1 Ne7 23. Rc5 Rxd1+ 24. Qxd1 Qd8 25. Rxc8 Qxc8 26. Be3 a6 27.
Nd2 Qc6 28. Qe2 Bg5 29. Bxg5 hxg5 30. Qxc4 Qa4 31. Nf3 Qd1+ 32. Kh2 Qc2 33.
Nxe5 Qxf2 34. Nxg6 Nxg6 35. Qc8+ Kh7 36. Qf5 Qe3 37. h4 gxh4 38. Qh5+ Kg8
39. Kh1 Qg3 40. g5 Qe1+ 41. Kh2 Qg3+ 42. Kg1 Nf4 43. Qf3 Qe1+ 44. Kh2 Nxg2
45. Qxg2 Qe3 46. g6 fxg6 47. Qxg6 Qxc3 48. Qe6+ Kh7 49. Qf5+ Kg8 50. Qd5+
Kh7 51. Qf5+ Kg8 52. Qc8+ Kh7 53. Qxc3 {Black forfeits on time} 1-0

[Event "ICCopen2016"]
[Site "Internet Chess Club"]
[Date "2016.06.04"]
[Round "11"]
[White "Peaceful-Death"]
[Black "DukeBishop"]
[Result "1-0"]
[ICCResult "Black forfeits on time"]
[WhiteElo "1791"]
[BlackElo "1618"]
[Opening "Four knights: Italian variation"]
[ECO "C28"]
[NIC "VG.04"]
[Time "15:53:47"]
[TimeControl "180+0"]

1. e4 e5 2. Nc3 Nc6 3. Bc4 Nf6 4. Nf3 Bb4 5. Qe2 O-O 6. O-O d6 7. Nd5 Nxd5
8. exd5 Ne7 9. c3 Bc5 10. Re1 a5 11. d4 Bb6 12. dxe5 dxe5 13. Qxe5 Ng6 14.
Qg3 Re8 15. Bg5 Rxe1+ 16. Rxe1 f6 17. Bf4 Kh8 18. h4 Bd7 19. h5 Nxf4 20.
Qxf4 Qf8 21. Nh4 Re8 22. Ng6+ hxg6 23. Rxe8 Bxe8 24. hxg6 Bxg6 25. Qh4+ Kg8
26. d6+ Bf7 27. Bd3 g6 28. d7 Qd6 29. Be2 Qxd7 30. Qxf6 c6 31. Bf3 Qf5 32.
Qh4 Bc7 33. Qd4 Qb1+ 34. Qd1 Qxd1+ 35. Bxd1 Bxa2 36. b3 b5 37. Kf1 c5 38.
Ke1 b4 39. c4 Be5 40. Bc2 {Black forfeits on time} 1-0

[Event "ICCopen2016"]
[Site "Internet Chess Club"]
[Date "2016.06.04"]
[Round "11"]
[White "Red-white"]
[Black "SPARNALIQ"]
[Result "1-0"]
[ICCResult "Black resigns"]
[WhiteElo "3053"]
[BlackElo "2917"]
[Opening "St. George (Baker) defense"]
[ECO "B00"]
[NIC "VO.17"]
[Time "15:54:25"]
[TimeControl "180+0"]

1. e4 a6 2. d4 b5 3. Bd3 Bb7 4. Nf3 e6 5. Qe2 Nf6 6. O-O Be7 7. a4 b4 8. c4
bxc3 9. bxc3 d5 10. e5 Nfd7 11. Bf4 c5 12. Nbd2 Nc6 13. Rab1 Rb8 14. Bxa6
Ba8 15. Bb5 g5 16. Be3 g4 17. Ne1 h5 18. Nd3 c4 19. Nf4 Bg5 20. f3 Ne7 21.
fxg4 hxg4 22. Qxg4 Rxb5 23. axb5 Nf5 24. Qe2 Rh4 25. g3 Rh7 26. Nf3 Bh6 27.
Ng2 Bf8 28. Bg5 Qb8 29. g4 Ne7 30. h4 Nc8 31. Nf4 Ncb6 32. Nh5 Bb7 33. Rf2
Qa8 34. Rbf1 Qa3 35. Bd2 Be7 36. Ng5 Bxg5 37. hxg5 Na4 38. g6 fxg6 39. Nf6+
Nxf6 40. Rxf6 Nxc3 41. Qf3 Nxb5 42. Rxe6+ Kd7 43. Rb6 Qxf3 44. Rxf3 Bc6 45.
e6+ Kc7 46. Ba5 Nxd4 47. Rf7+ Rxf7 48. exf7 Ne6 49. Ra6+ Kb7 50. Rb6+ Kc7
51. Rb1+ Kc8 52. Re1 Nf8 53. Re8+ Kd7 54. Rxf8 Ke7 55. Rc8 Kxf7 56. Rxc6
{Black resigns}
1-0

[Event "ICCopen2016"]
[Site "Internet Chess Club"]
[Date "2016.06.04"]
[Round "11"]
[White "Nedwis"]
[Black "Bochkarev"]
[Result "0-1"]
[ICCResult "White checkmated"]
[WhiteElo "2857"]
[BlackElo "2839"]
[Opening "Sicilian: Alapin's variation (2.c3)"]
[ECO "B22"]
[NIC "SI.47"]
[Time "15:53:57"]
[TimeControl "180+0"]

1. e4 c5 2. c3 Nf6 3. e5 Nd5 4. d4 cxd4 5. Nf3 Nc6 6. cxd4 d6 7. Bc4 dxe5 8.
Bxd5 Qxd5 9. Nc3 Qd6 10. d5 Nd4 11. Nxd4 exd4 12. Qxd4 e5 13. Qe3 Be7 14.
O-O O-O 15. Re1 f6 16. h3 Re8 17. Qg3 Bf5 18. Be3 a6 19. Rad1 Rac8 20. Qh4
Bf8 21. a3 Bg6 22. Qa4 b5 23. Qb3 Rc4 24. a4 Rb4 25. Qa2 Rc8 26. axb5 axb5
27. Bd2 Qd7 28. Rc1 Bf7 29. Red1 Rbc4 30. b3 R4c7 31. Qa5 b4 32. Nb5 Rc5 33.
Bxb4 Rxc1 34. Rxc1 Rxc1+ 35. Kh2 Bxb4 36. Qxb4 Rc8 37. Nd6 Rd8 38. Ne4 Bxd5
39. Ng3 Qb7 40. Qa5 Ra8 41. Qc5 Bxg2 42. b4 Kh8 43. b5 Rc8 44. Qd6 Bf3 45.
Nf5 Qc7 46. Qe6 Qc1 47. Ng3 Qc2 48. Kg1 h6 49. b6 Rb8 50. Qd6 Qb1+ 51. Kh2
Qxb6 52. Qd3 Qxf2# {White checkmated} 0-1

[Event "ICCopen2016"]
[Site "Internet Chess Club"]
[Date "2016.06.04"]
[Round "11"]
[White "zelog"]
[Black "abroz"]
[Result "0-1"]
[ICCResult "White forfeits on time"]
[WhiteElo "2122"]
[BlackElo "2518"]
[Opening "English opening"]
[ECO "A20"]
[NIC "EO.24"]
[Time "15:54:12"]
[TimeControl "180+0"]

1. c4 e5 2. g3 Nc6 3. Bg2 Nf6 4. Nf3 g6 5. O-O Bg7 6. Nc3 O-O 7. d3 d5 8.
cxd5 Nxd5 9. Bd2 Nb6 10. a3 Be6 11. Rc1 a5 12. Na4 Qe7 13. Nc5 Bc8 14. Ne1
Rd8 15. b4 axb4 16. axb4 Ra2 17. b5 Nd4 18. Nxb7 Bxb7 19. Bxb7 Nxb5 20. Nc2
Nd4 21. Nb4 Nxe2+ 22. Qxe2 Qxb4 23. Bxb4 Rxe2 24. Rxc7 Bf8 25. Ba5 Nd5 26.
Rc4 Rd7 27. Bc6 Rd6 28. Rb1 Ra2 29. Rb5 Ne7 30. Bf3 Rxd3 31. Kg2 Nf5 32. Rc8
Kg7 33. Be4 Rda3 34. Bc7 Nd6 35. Bxd6 Bxd6 36. Rd5 Be7 37. Rd7 Kf6 38. Rcc7
Ra4 39. Bd5 Rd4 40. Bxa2 e4 41. Rxe7 Kg5 42. Rxf7 e3 {White forfeits on
time} 0-1

[Event "ICCopen2016"]
[Site "Internet Chess Club"]
[Date "2016.06.04"]
[Round "11"]
[White "SIRPALADIN"]
[Black "oculis"]
[Result "0-1"]
[ICCResult "White resigns"]
[WhiteElo "1920"]
[BlackElo "2401"]
[Opening "Old Benoni defense"]
[ECO "A43"]
[NIC "OI.09"]
[Time "15:54:28"]
[TimeControl "180+0"]

1. d4 c5 2. d5 e6 3. c4 exd5 4. cxd5 d6 5. Nf3 Be7 6. Nc3 Bf6 7. e4 Ne7 8.
Bb5+ Bd7 9. Bxd7+ Nxd7 10. O-O O-O 11. a4 Ng6 12. Be3 Re8 13. Nd2 Bg5 14. f4
Bf6 15. Qc2 Rc8 16. Rae1 a6 17. Nc4 Nb6 18. Nxd6 Qxd6 19. e5 Nxe5 20. fxe5
Bxe5 21. Qf5 Rc7 22. Bf4 f6 23. Bxe5 Rxe5 24. Rxe5 Qxe5 25. Qf3 Rd7 26. Rd1
Nc8 27. Ne4 b6 28. a5 Qxb2 29. axb6 Qxb6 30. h3 Nd6 31. Ng3 Nf7 32. Qg4 Ne5
33. Qf5 g6 34. Qe4 c4+ 35. Kh2 c3 36. Rc1 Qc5 37. Ne2 Qxd5 38. Nxc3 Qe6 39.
Qa8+ Kg7 40. Qxa6 Qxa6 {White resigns} 0-1

[Event "ICCopen2016"]
[Site "Internet Chess Club"]
[Date "2016.06.04"]
[Round "11"]
[White "Taechess"]
[Black "FlashGordon"]
[Result "1-0"]
[ICCResult "Black forfeits on time"]
[WhiteElo "1323"]
[BlackElo "1346"]
[Opening "Sicilian: Grand Prix attack"]
[ECO "B23"]
[NIC "SI.44"]
[Time "15:54:40"]
[TimeControl "180+0"]

1. e4 c5 2. Nc3 Nc6 3. f4 e6 4. Nf3 d5 5. Bb5 Ne7 6. Ne5 Qc7 7. exd5 exd5 8.
Nxc6 bxc6 9. Be2 Qxf4 10. d3 Qh4+ 11. g3 Qh3 12. Bf1 Qe6+ 13. Be2 Nf5 14.
O-O Ne3 15. Bxe3 Qxe3+ 16. Kh1 Bd6 17. Re1 O-O 18. Bf3 Qd4 19. Qe2 Bd7 20.
Rab1 Rfe8 21. Qd2 Rxe1+ 22. Rxe1 Re8 23. Rxe8+ Bxe8 24. Qe2 Bd7 25. h3 Bxg3
26. Bg4 Be6 27. Bxe6 fxe6 28. Qxe6+ Kf8 29. Qf5+ Qf6 30. Qc8+ Kf7 31. Qd7+
Kg6 32. Qg4+ {Black forfeits on time} 1-0

[Event "ICCopen2016"]
[Site "Internet Chess Club"]
[Date "2016.06.04"]
[Round "11"]
[White "FootDoc"]
[Black "rock700chess"]
[Result "0-1"]
[ICCResult "White resigns"]
[WhiteElo "1653"]
[BlackElo "2023"]
[Opening "Bird's opening"]
[ECO "A03"]
[NIC "VO.07"]
[Time "15:54:31"]
[TimeControl "180+0"]

1. f4 d5 2. Nf3 g6 3. e3 Bg7 4. Be2 Nf6 5. O-O c5 6. d3 Nc6 7. Qe1 Nb4 8.
Bd1 b6 9. a3 Nc6 10. h3 Bb7 11. g4 h5 12. g5 Ng8 13. h4 Bc8 14. e4 d4 15.
Qg3 Qc7 16. Kh2 Bg4 17. Nbd2 e6 18. b3 Nge7 19. Bb2 e5 20. f5 gxf5 21. exf5
Nxf5 22. Qf2 e4+ 23. Kg1 exf3 24. Bxf3 Bxf3 25. Qxf3 Qg3+ 26. Qxg3 Nxg3 27.
Rf3 Ne2+ 28. Kg2 Nc3 29. Raf1 O-O 30. Bxc3 dxc3 31. Ne4 Nd4 32. R3f2 Rad8
33. Ng3 Rfe8 34. Rxf7 Rf8 35. Rxf8+ Rxf8 36. Rc1 Re8 37. Ne4 Kf7 38. Kg3 Kg6
39. b4 Ne2+ 40. Kf3 Nxc1 41. bxc5 Rxe4 42. Kxe4 bxc5 43. Kd5 Bd4 44. Kc4 Ne2
45. Kb5 Ng1 46. Ka6 Nf3 47. Kxa7 c4+ 48. Ka6 cxd3 49. cxd3 c2 {White
resigns} 0-1

[Event "ICCopen2016"]
[Site "Internet Chess Club"]
[Date "2016.06.04"]
[Round "11"]
[White "Ancient"]
[Black "Sam08"]
[Result "0-1"]
[ICCResult "White forfeits on time"]
[WhiteElo "2099"]
[BlackElo "2411"]
[Opening "Scotch: Schmidt variation"]
[ECO "C45"]
[NIC "SO.03"]
[Time "15:54:20"]
[TimeControl "180+0"]

1. e4 e5 2. Nf3 Nc6 3. d4 exd4 4. Nxd4 Nf6 5. Nc3 Bb4 6. Nxc6 bxc6 7. Bd3
O-O 8. O-O d5 9. exd5 cxd5 10. Bg5 c6 11. Qf3 Bd6 12. Bxf6 Qxf6 13. Qxf6
gxf6 14. Ne2 Rb8 15. b3 c5 16. Ng3 Be6 17. Rad1 c4 18. bxc4 dxc4 19. Bxh7+
Kxh7 20. Rxd6 Rb2 21. c3 Rxa2 22. f4 f5 23. Rb1 Rc2 24. Rb7 Kg6 25. Rxa7 Rb8
26. Nf1 Rb1 27. g4 fxg4 28. Ra5 Rcc1 29. f5+ Kf6 30. fxe6 Rxf1+ 31. Kg2 fxe6
32. Rd2 Rf5 33. Ra4 Rf4 34. Rd4 e5 35. Rxf4+ exf4 36. Rxc4 Kf5 37. Rc8 Rb2+
38. Kg1 Ke4 {White forfeits on time} 0-1